 Dungeon Crawl Stone Soup version 0.29.1-2-gbd0b4ee654 (webtiles) character file.

Game seed: 8521115156725731599

349976 Icepheonix32 the Minotaur Barricade (level 21, -39/179 HPs)
             Began as a Minotaur Fighter on Oct 21, 2022.
             Was the Champion of Okawaru.
             Killed from afar by an ice dragon (80 damage)
             ... with a blast of cold
             ... on level 3 of the Depths on Oct 24, 2022.
             The game lasted 02:31:56 (39248 turns).

Icepheonix32 the Minotaur Barricade (MiFi)         Turns: 39248, Time: 02:31:56

Health: -39/179    AC: 25    Str: 26    XL:     21   Next: 26%
Magic:  22/27      EV: 37    Int: 12    God:    Okawaru [******]
Gold:   1539       SH: 42    Dex: 39    Spells: 20/20 levels left

rFire   + + +      SeeInvis +   v - +11 flail of Defence {vamp, rF+ rC- rCorr}
rCold   x . .      Faith    +   Q - +10 tower shield of Ignorance {rN+ Int-4}
rNeg    + + .      Spirit   .   y - +0 chain mail of Keythig {+Blink rPois Slay+6 SInv}
rPois   +          Reflect  .   Y - +1 hat "Xizuqueff" {Int+5}
rElec   +          Harm     +   n - +1 cloak of Starlight {*Dazzle EV+4 Stlth--}
rCorr   +          Rampage  .   R - +0 pair of gloves of Squeaky Freedom {-Tele Harm +Inv Dex+7}
Will    +....      NoTele   +   S - +1 pair of boots of the Valley {rPois rF+ rCorr Dex+4}
Stlth   ++........              B - amulet of Ephemeral Luck {Faith *Slow Str-5 Dex+5 Slay+3}
HPRegen 0.39/turn               w - ring of Difolaam {Fly rElec rF++ Dex+7}
MPRegen 0.20/turn               u - ring of Agguschue {rN+ Str+6 Dex+3}

@: mighty, heroic, finesse-ful, flying, studying 3 skills
A: horns 2, retaliatory headbutt, clever 1, mutation resistance 1
}: 2/15 runes: serpentine, barnacled
a: Renounce Religion, Evoke Blink, Evoke Invisibility, Heroism, Finesse, Duel


You were on level 3 of the Depths.
You worshipped Okawaru.
Okawaru was exalted by your worship.
You visited 9 branches of the dungeon, and saw 38 of its levels.
You also visited: Ice Cave.

You collected 5346 gold pieces.
You spent 3807 gold pieces at shops.

Inventory:

Hand Weapons
 v - the +11 flail of Defence (weapon) {vamp, rF+ rC- rCorr}
   (You found it on level 1 of the Snake Pit)

   It occasionally heals its wielder for a portion of the damage dealt when it
   wounds a living foe.
   rF:        It protects you from fire.
   rC:        It makes you vulnerable to cold.
   rCorr:     It protects you from acid and corrosion.
 C - a +9 vorpal morningstar
 D - a +8 eveningstar of holy wrath
Missiles
 f - 6 javelins
 i - 9 throwing nets
 k - a curare-tipped dart
 q - 11 silver javelins
 x - 47 boomerangs (quivered)
 F - 4 silver boomerangs
Armour
 c - the +3 salamander hide armour {Flames rF++ rC--}
   (You found it on level 1 of the Depths)

   It surrounds you with a cloud of flames.
   It grants immunity to clouds of flame.
   It enhances your fire magic.
   rF:        It greatly protects you from fire.
   rC:        It makes you very vulnerable to cold.
 n - the +1 cloak of Starlight (worn) {*Dazzle EV+4 Stlth--}
   (You bought it in a shop on level 1 of the Snake Pit)

   It may blind those who miss an attack against the wearer in melee combat.
   EV:        It affects your evasion (+4).
   Stlth:     It makes you much less stealthy.
 t - a +2 pair of gloves of dexterity
 y - the +0 chain mail of Keythig (worn) {+Blink rPois Slay+6 SInv}
   (Okawaru gifted it to you on level 2 of the Lair of Beasts)

   Slay:      It affects your accuracy & damage with ranged weapons and melee
   (+6).
   rPois:     It protects you from poison.
   SInv:      It lets you see invisible.
   +Blink:    It lets you blink.
 K - +0 ice dragon scales
 Q - the +10 tower shield of Ignorance (worn) {rN+ Int-4}
   (You bought it in a shop on level 2 of the Orcish Mines)

   Int:       It affects your intelligence (-4).
   rN:        It protects you from negative energy.
 R - the +0 pair of gloves of Squeaky Freedom (worn) {-Tele Harm +Inv Dex+7}
   (You found it on level 3 of the Elven Halls)

   Dex:       It affects your dexterity (+7).
   +Inv:      It lets you turn invisible.
   -Tele:     It prevents most forms of teleportation.
   Harm:      It increases damage dealt and taken.
 S - the +1 pair of boots of the Valley (worn) {rPois rF+ rCorr Dex+4}
   (Okawaru gifted it to you on level 3 of the Elven Halls)

   Dex:       It affects your dexterity (+4).
   rF:        It protects you from fire.
   rPois:     It protects you from poison.
   rCorr:     It protects you from acid and corrosion.
 Y - the +1 hat "Xizuqueff" (worn) {Int+5}
   (Okawaru gifted it to you on level 15 of the Dungeon)

   Int:       It affects your intelligence (+5).
Jewellery
 u - the ring of Agguschue (right hand) {rN+ Str+6 Dex+3}
   (You found it on level 3 of the Elven Halls)

   [ring of strength]

   Str:       It affects your strength (+6).
   Dex:       It affects your dexterity (+3).
   rN:        It protects you from negative energy.
 w - the ring of Difolaam (left hand) {Fly rElec rF++ Dex+7}
   (You found it on level 5 of the Lair of Beasts)

   [ring of flight]

   Dex:       It affects your dexterity (+7).
   rF:        It greatly protects you from fire.
   rElec:     It insulates you from electricity.
   Fly:       It grants you flight.
 B - the amulet of Ephemeral Luck (around neck) {Faith *Slow Str-5 Dex+5 Slay+3}
   (You found it on level 3 of the Dungeon)

   [amulet of faith]

   It allows you to gain divine favour quickly.
   Str:       It affects your strength (-5).
   Dex:       It affects your dexterity (+5).
   Slay:      It affects your accuracy & damage with ranged weapons and melee
   (+3).
   *Slow:     It may slow you when you take damage.
 Z - a ring of see invisible
Wands
 o - a wand of roots (29)
 s - a wand of digging (30)
 A - a wand of mindburst (8)
 E - a wand of light (9)
 L - a wand of paralysis (12)
 N - a wand of flame (103)
Scrolls
 a - 3 scrolls of blinking
 h - 8 scrolls of immolation
 j - 2 scrolls of poison
 H - 6 scrolls of magic mapping
 J - 5 scrolls of fog
 M - 14 scrolls of teleportation
 O - 9 scrolls of fear
 V - a scroll of silence
Potions
 b - 3 potions of brilliance
 d - 4 potions of might
 e - 4 potions of cancellation
 g - 8 potions of curing
 l - 5 potions of invisibility
 m - 8 potions of ambrosia
 p - 4 potions of lignification
 r - 8 potions of magic
 z - 4 potions of attraction
 G - 6 potions of mutation
 T - a potion of heal wounds
 W - 3 potions of haste
 X - 3 potions of resistance
Miscellaneous
 I - a condenser vane
 P - a tin of tremorstones (2/2)
 U - a phial of floods


   Skills:
 - Level 13.5(18.5) Fighting
 - Level 3.0(21.3) Axes
 + Level 24.2(27) Maces & Flails
 - Level 3.2(21.3) Staves
 + Level 1.7(6.7) Throwing
 - Level 18.3(23.3) Armour
 + Level 14.9(19.9) Dodging
 + Level 7.5(12.5) Stealth
 O Level 27 Shields
 - Level 9.3 Invocations
 - Level 6.1 Evocations


You had 20 spell levels left.
You didn't know any spells.
Your spell library contained the following spells:

 Spells                   Type           Power      Damage    Failure   Level
 Beastly Appendage        Tmut           0%         N/A       65%         1
 Foxfire                  Conj/Fire      0%         2x1d4     65%         1
 Magic Dart               Conj           0%         1d3       65%         1
 Sandblast                Erth           0%         2d4       65%         1
 Blink                    Tloc           0%         N/A       78%         2
 Ensorcelled Hibernation  Hex/Ice        0%         N/A       78%         2
 Passwall                 Tmut/Erth      0%         N/A       78%         2
 Poisonous Vapours        Pois/Air       0%         N/A       78%         2
 Scorch                   Fire           0%         2d5       78%         2
 Static Discharge         Conj/Air       0%         3-3/arc   78%         2
 Sublimation of Blood     Necr           0%         N/A       78%         2
 Confusing Touch          Hex            0%         N/A       95%         3
 Conjure Flame            Conj/Fire      0%         6-21      95%         3
 Dazzling Flash           Conj/Hex       0%         N/A       95%         3
 Gell's Gravitas          Tloc           0%         N/A       95%         3
 Ignite Poison            Fire/Tmut/Pois 0%         N/A       95%         3
 Inner Flame              Hex/Fire       0%         N/A       95%         3
 Lesser Beckoning         Tloc           0%         N/A       95%         3
 Mephitic Cloud           Conj/Pois/Air  0%         N/A       95%         3
 Ozocubu's Armour         Ice            0%         N/A       95%         3
 Portal Projectile        Hex/Tloc       0%         N/A       95%         3
 Spider Form              Tmut/Pois      0%         N/A       95%         3
 Stone Arrow              Conj/Erth      0%         3d7       95%         3
 Teleport Other           Tloc           0%         N/A       95%         3
 Anguish                  Hex/Necr       0%         N/A       100%        4
 Dispel Undead            Necr           0%         3d6       100%        4
 Flame Wave               Conj/Fire      0%         2d4       100%        4
 Ice Form                 Ice/Tmut       0%         N/A       100%        4
 Leda's Liquefaction      Hex/Erth       0%         N/A       100%        4
 Passage of Golubria      Tloc           0%         N/A       100%        4
 Petrify                  Tmut/Erth      0%         N/A       100%        4
 Sticky Flame             Conj/Fire      0%         2d3       100%        4
 Agony                    Necr           0%         N/A       100%        5
 Fireball                 Conj/Fire      0%         3d3       100%        5
 Irradiate                Conj/Tmut      0%         3d11      100%        5
 Iskenderun's Battlesphe  Conj           0%         2d6       100%        5
 Lee's Rapid Deconstruct  Erth           0%         3d5*      100%        5
 Manifold Assault         Tloc           0%         N/A       100%        5
 Metabolic Englaciation   Hex/Ice        0%         N/A       100%        5
 Silence                  Hex/Air        0%         N/A       100%        5
 Yara's Violent Unravell  Hex/Tmut       0%         3d3       100%        5
 Conjure Ball Lightning   Conj/Air       0%         3x3d6     100%        6
 Eringya's Noxious Bog    Tmut/Pois      0%         N/A       100%        6
 Statue Form              Tmut/Erth      0%         N/A       100%        6
 Enfeeble                 Hex            0%         N/A       100%        7
 Orb of Destruction       Conj           0%         9d5       100%        7
 Storm Form               Tmut/Air       0%         N/A       100%        7
 Lehudib's Crystal Spear  Conj/Erth      0%         10d2      100%        8
 Chain Lightning          Conj/Air       0%         N/A       100%        9
 Fire Storm               Conj/Fire      0%         5d1       100%        9
 Shatter                  Erth           0%         3d5*      100%        9
 Call Imp                 Summ           Unusable   N/A       N/A         2
 Call Canine Familiar     Summ           Unusable   N/A       N/A         3
 Animate Dead             Necr           Unusable   N/A       N/A         4
 Summon Forest            Summ/Tloc      Unusable   N/A       N/A         5
 Simulacrum               Ice/Necr       Unusable   N/A       N/A         6
 Summon Cactus Giant      Summ           Unusable   N/A       N/A         6
 Summon Hydra             Summ           Unusable   N/A       N/A         7

Dungeon Overview and Level Annotations

Branches:
Dungeon (15/15)            Temple (1/1) D:4            Lair (5/5) D:8
 Shoals (4/4) Lair:2        Snake (4/4) Lair:2        Slime (1/5) Lair:4
    Orc (2/2) D:11            Elf (3/3) Orc:2        Vaults (0/5) D:13
 Depths (3/4) D:15          IceCv (visited)

Altars:
Ashenzari
Cheibriados
Dithmenos
Elyvilon
Fedhas
Gozag
Hepliaklqana
Kikubaaqudgha
Makhleb
Nemelex Xobeh
Okawaru
Qazlal
Ru
Sif Muna
Trog
Uskayaw
Vehumet
Wu Jian
Xom
Yredelemnul
Zin
The Shining One
Jiyva

Shops:
D:2 (   D:5 ((*=   Orc:1 (   Orc:2 [[=*(   Shoals:1 [   Shoals:2 !
Shoals:3 [*   Snake:1 [=[[   Snake:2 =   Snake:3 :   Snake:4 *   Depths:2 ?:?

Portals:
Hell: Depths:1 Depths:2 Depths:3
Abyss: Depths:1
Pandemonium: Depths:2
Ziggurat: Depths:1
Trove: D:15 (show abyssal rune of Zot)


Innate Abilities, Weirdness & Mutations

You have a pair of horns on your head.
You reflexively headbutt those who attack you in melee.
Your mind is acute. (Int +4, Str/Dex -1)
You are somewhat resistant to further mutation.


Message History

The spriggan rider closely misses you. The deep troll earth mage bites you!
You block the deep troll earth mage's attack.
The deep troll earth mage misses you.
You barely miss the spriggan berserker. You headbutt the spriggan berserker!!
The spriggan berserker is heavily wounded.
You block the spriggan berserker's attack.
Unknown command.
You miss the spriggan berserker. You headbutt the spriggan berserker!
The spriggan berserker is almost dead.
Unknown command.
You closely miss the spriggan berserker.
You headbutt the spriggan berserker!
You kill the spriggan berserker!
Okawaru accepts your kill.
You block the deep troll earth mage's attack. x4
The deep troll earth mage claws you!
The deep troll earth mage completely misses you.
A fire dragon comes into view.
The ice dragon barely misses you. You furiously retaliate!
You headbutt the ice dragon!
The ice dragon is temporarily struck blind!
The ice dragon completely misses you. The ice dragon misses you.
The spriggan rider hits you but does no damage.
You feel very mighty all of a sudden.
You block the deep troll earth mage's attack. x3
The ice dragon breathes frost at you. The blast of cold hits you!!!
You feel a terrible chill!
* * * LOW HITPOINT WARNING * * *
You block the spriggan rider's attack.
The deep troll shaman calls upon its god to strengthen the deep troll earth mage.
The deep troll earth mage seems to grow stronger.
You feel much better.
You block the deep troll earth mage's attack. x3
The spriggan rider completely misses you.
You block the deep troll earth mage's attack.
The deep troll earth mage closely misses you.
The deep troll earth mage completely misses you.
The ice dragon breathes frost at you. The blast of cold hits you!!!
You feel a terrible chill!
You die...

#........"....
#.............
#...........#
#...........##
#.............
#............?
#.....TTT.....
#.....@T.R.D..
#.∩...DT....##
######T.i...#
##.....#
#....# ....#
....# ....#
...#


You could see a fire dragon, an ice dragon (blind, catching breath), a rakshasa,
a spriggan rider, 2 deep trolls, 3 deep troll earth magi and a deep troll
shaman.

Vanquished Creatures
  A golden dragon (Depths:2)
  2 Tzitzimimeh (Depths:2)
  2 doom hounds (Depths:2)
  5 deep elf master archers
  5 deep elf blademasters
  2 sphinxes (Depths:2)
  3 krakens
  Grunn (Depths:2)
  A shadow dragon (Depths:2)
  The ghost of mortz the Severer, an adept HOFi of Okawaru (Orc:1)
  Roxanne (Shoals:1)
  Agnes (D:15)
  A draconian knight (Depths:2)
  5 nagarajas
  5 deep elf sorcerers (Elf:3)
  A fire giant (Depths:2)
  An orc warlord (Orc:2)
  Louise (Shoals:4)
  A draconian scorcher (Depths:2)
  2 quicksilver oozes (Lair:4)
  4 deep elf elementalists
  A draconian shifter (Depths:2)
  6 very ugly things
  A reaper (Depths:2)
  6 stone giants
  Nessos (Lair:3)
  2 eleionomae (Shoals:4)
  A white draconian (Depths:2)
  The ghost of quakins the Fighter, a journeyman TrTm of Wu Jian (Lair:2)
  2 vampire knights
  A purple draconian (Depths:2)
  2 deep elf demonologists
  4 deep elf annihilators
  The ghost of croobank the Spry, a journeyman FeSu of Gozag (Shoals:1)
  10 merfolk impalers
  An ettin (Orc:1)
  2 blizzard demons (IceCv)
  4 deep elf death magi
  5 merfolk javelineers
  9 fire dragons
  2 deep elf high priests
  2 jiangshi (Depths:1)
  Fannar (Lair:3)
  A rakshasa (Depths:1)
  3 ice dragons
  3 vault guards (D:13)
  6 salamander tyrants
  7 hydras
  2 boulder beetles
  An ogre mage (D:15)
  3 merfolk avatars (Shoals:4)
  4 alligator snapping turtles
  Erolcha (Orc:1)
  2 centaur warriors
  6 two-headed ogres
  The ghost of Buchaag the Cleaver, a novice MiMo of Makhleb (D:13)
  19 naga warriors
  7 anacondas
  An alligator (Shoals:1)
  25 dancing weapons
  2 deep troll shamans (Depths:2)
  5 tengu warriors
  11 merfolk aquamancers
  7 satyrs
  A deep troll earth mage (Depths:3)
  4 death yaks
  A vampire mage (Depths:1)
  3 shock serpents
  20 naga sharpshooters
  2 spriggan berserkers (Depths:3)
  An iron troll (Depths:2)
  13 deep elf knights
  2 goliath frogs (Shoals:1)
  5 salamander mystics
  2 death drakes (Depths:2)
  2 orange crystal statues
  5 spectral anacondas (Snake:1)
  3 deep trolls (Depths:2)
  A glowing orange brain (Depths:2)
  A naga ritualist (Snake:2)
  8 deep elf archers
  2 necromancers (D:13)
  10 sea snakes
  A bog body (IceCv)
  3 spriggan simulacra (IceCv)
  14 orc knights
  3 anaconda skeletons (Snake:1)
  4 wizards
  An obsidian statue (IceCv)
  2 lindwurms (Depths:2)
  12 harpies
  4 anaconda zombies (Snake:1)
  24 deep elf zephyrmancers
  14 ugly things
  8 salamanders
  23 deep elf pyromancers
  6 mana vipers
  11 cyclopes
  3 wolf spiders
  18 manticores
  21 fauns
  2 moths of wrath (Orc:1)
  10 merfolk sirens
  17 black mambas
  2 ice statues (Shoals:3)
  A torpor snail (Lair:2)
  3 guardian serpents
  21 cane toads
  5 water nymphs
  12 elephants (Lair:5)
  28 naga magi
  The ghost of safid the Skirmisher, a novice MiHu of Okawaru (D:5)
  A gargoyle (D:11)
  7 rime drakes
  2 unseen horrors
  Maggie (D:6)
  5 kobold demonologists
  13 komodo dragons
  A tormentor (Depths:2)
  7 tengu conjurers
  A freezing wraith (D:15)
  A komodo dragon (shapeshifter) (Elf:3)
  6 trolls
  7 anaconda simulacra
  2 golden dragon simulacra (IceCv)
  14 ice devils (IceCv)
  36 merfolk
  4 tyrant leeches (Lair:5)
  5 hornets
  3 polar bears
  18 blink frogs
  6 wind drakes
  23 slime creatures
  14 dream sheep
  16 snapping turtles
  An air elemental (Elf:2)
  2 shadows
  38 yaks
  2 wraiths
  14 wyverns
  A fire elemental (Elf:3)
  2 dire elephant simulacra (IceCv)
  28 water elementals
  Eustachio (D:4)
  4 basilisks
  17 humans (D:13)
  11 minotaur simulacra (IceCv)
  20 vampire mosquitoes
  15 wargs
  3 steam dragons
  2 harpy simulacra (IceCv)
  51 nagas
  3 acid dragons (D:12)
  13 water moccasins
  51 orc warriors
  A swamp drake (Depths:2)
  An ettin simulacrum (IceCv)
  3 ice beasts
  A black bear (D:5)
  3 alligator simulacra (IceCv)
  8 centaurs
  17 ogres
  9 wolves
  8 kobold brigands
  A necrophage (D:6)
  2 gnoll sergeants
  15 bullfrogs
  5 deep troll simulacra (IceCv)
  5 scorpions
  2 earth elementals
  12 wights
  10 killer bees
  A lindwurm simulacrum (IceCv)
  6 electric eels
  8 howler monkeys
  A jelly (D:6)
  A hound (D:6)
  26 orc priests
  5 iguanas
  Jessica (D:2)
  29 orc wizards
  12 hell rats
  Natasha (thrice) (D:2)
  19 gnolls
  10 adders
  A shadow imp (D:8)
  3 worms
  3 dart slugs
  120 orcs
  4 ball pythons
  5 bats
  6 endoplasms
  A giant cockroach (D:3)
  15 goblins
  11 hobgoblins
  3 jackals (D:3)
  5 quokkas
  3 frilled lizards
  13 kobolds
  12 rats
  6 tentacles
1496 creatures vanquished.

Vanquished Creatures (others)
  A deep elf blademaster (Elf:3)
  A deep elf elementalist (Elf:3)
  A stone giant (Depths:2)
  A deep elf high priest (Elf:3)
  A deep elf knight (Elf:2)
  An anaconda skeleton (Snake:1)
  A deep elf pyromancer (Elf:2)
  A swamp drake (Depths:2)
  2 orcs
  4 fungi
  161 plants
  17 tentacles
192 creatures vanquished.

Grand Total: 1688 creatures vanquished

Notes
Turn   | Place    | Note
-------+----------+-------------------------------------------
     0 | D:1      | Icepheonix32 the Minotaur Fighter began the quest for the
                  | Orb.
     0 | D:1      | Reached XP level 1. HP: 19/19 MP: 0/0
   275 | D:1      | Reached XP level 2. HP: 21/27 MP: 1/1
  1214 | D:2      | Found Wixtoy Ephi's Antique Weapon Shop.
  1270 | D:2      | Noticed Jessica
  1271 | D:2      | Reached XP level 3. HP: 34/34 MP: 2/2
  1275 | D:2      | Killed Jessica
  1276 | D:2      | Reached skill level 4 in Shields
  1278 | D:2      | Found a faded altar of an unknown god.
  1284 | D:2      | Reached XP level 4. HP: 40/41 MP: 3/3
  1458 | D:2      | Reached skill level 5 in Fighting
  1679 | D:2      | Noticed Natasha
  1681 | D:2      | Identified the +8 mace "Juizeju" {drain, rElec rCorr Str-2
                  | Dex+4}
  1685 | D:2      | Killed Natasha
  1879 | D:2      | Noticed Natasha
  1883 | D:2      | Killed Natasha
  1884 | D:2      | Reached skill level 1 in Maces & Flails
  1884 | D:2      | Reached skill level 1 in Dodging
  1884 | D:2      | Reached XP level 5. HP: 42/48 MP: 4/4
  2228 | D:3      | Found a glowing silver altar of Zin.
  2230 | D:3      | Found a stormy altar of Qazlal.
  2232 | D:3      | Found a radiant altar of Vehumet.
  2328 | D:3      | Reached XP level 6. HP: 51/57 MP: 5/5
  2709 | D:3      | Identified the amulet of Ephemeral Luck {Faith *Slow Str-5
                  | Dex+5 Slay+3}
  3228 | D:4      | Noticed Eustachio
  3251 | D:4      | Killed Eustachio
  3252 | D:4      | Reached skill level 5 in Maces & Flails
  3252 | D:4      | Reached skill level 5 in Armour
  3252 | D:4      | Reached XP level 7. HP: 30/63 MP: 6/6
  3526 | D:4      | Found a staircase to the Ecumenical Temple.
  3538 | Temple   | Entered the Ecumenical Temple
  3598 | Temple   | Became a worshipper of Warmaster Okawaru
  3992 | D:5      | Entered Level 5 of the Dungeon
  4001 | D:5      | You fall into a shaft and drop 2 floors!
  4044 | D:7      | Found a basalt altar of Yredelemnul.
  4045 | D:7      | Found an opulent altar of Gozag.
  4052 | D:7      | Found an ornate altar of the Wu Jian Council.
  4059 | D:7      | Reached XP level 8. HP: 69/71 MP: 7/7
  4130 | D:7      | Reached * piety under Okawaru
  4131 | D:7      | Reached skill level 1 in Invocations
  4462 | D:6      | Reached ** piety under Okawaru
  4537 | D:6      | Noticed Maggie
  4551 | D:6      | Killed Maggie
  4706 | D:5      | Reached *** piety under Okawaru
  4707 | D:5      | Reached XP level 9. HP: 78/78 MP: 9/9
  4756 | D:5      | Found a runed translucent gate.
  4756 | D:5      | Noticed safid's ghost (novice MiHu)
  4756 | D:5      | Identified the +5 chain mail of Roxt {rF+ Int+3}
  4757 | D:5      | Found a runed translucent gate.
  4757 | D:5      | Found a runed translucent gate.
  4890 | D:5      | Found Voralent's Jewellery Shoppe.
  4922 | D:5      | Found Fefrunk's Antique Weapon Boutique.
  5007 | D:5      | Found Pamatul's Assorted Antiques.
  5011 | D:5      | Bought a scroll labelled YBU PYLASUILE for 29 gold pieces
  5011 | D:5      | Bought a glass wand for 116 gold pieces
  5011 | D:5      | Bought a scroll of identify for 58 gold pieces
  5011 | D:5      | Bought a wand of paralysis (1) for 69 gold pieces
  5014 | D:5      | Gained mutation: You are somewhat resistant to further
                  | mutation. [potion of mutation]
  5014 | D:5      | Gained mutation: Your mind is acute. (Int +4, Str/Dex -1)
                  | [potion of mutation]
  5108 | D:5      | Found Hiffaoq's Antique Weapon Boutique.
  5524 | D:6      | Reached skill level 10 in Maces & Flails
  5733 | D:6      | Reached skill level 5 in Shields
  6178 | D:6      | Identified a scroll of acquirement
  6178 | D:6      | Acquired the +1 cloak of the Poles {Will+ Regen+ Str+5
                  | Dex+3}
  6245 | D:7      | Reached skill level 1 in Stealth
  6293 | D:7      | Reached **** piety under Okawaru
  6604 | D:8      | Found a sparkling altar of Nemelex Xobeh.
  6761 | D:8      | Found a snail-covered altar of Cheibriados.
  6840 | D:8      | Found a staircase to the Lair.
  6936 | D:8      | Reached ***** piety under Okawaru
  6937 | D:8      | Reached XP level 10. HP: 86/86 MP: 11/11
  7103 | D:8      | Identified the +2 pair of boots of Submission {Will+ Str+2}
                  | (Okawaru gifted it to you on level 8 of the Dungeon)
  7103 | D:8      | Received a gift from Okawaru
  7381 | D:9      | Noticed a cyclops
  7390 | D:9      | Killed a cyclops
  7456 | D:9      | Found a hazy altar of Hepliaklqana.
  7457 | D:9      | Found a shimmering altar of Xom.
  7508 | D:9      | Found a bloodstained altar of Trog.
  7511 | D:9      | Reached skill level 5 in Dodging
  7522 | D:9      | Found an ornate altar of the Wu Jian Council.
  7522 | D:9      | Found a blossoming altar of Fedhas.
  7522 | D:9      | Found a shimmering blue altar of Sif Muna.
  7548 | D:9      | Reached skill level 5 in Invocations
  7565 | D:9      | Reached skill level 6 in Shields
  7733 | D:9      | Reached XP level 11. HP: 81/94 MP: 12/14
  7776 | D:9      | Identified the +3 scale mail "Wumisal" {Dex+4}
  8326 | D:5      | Bought a bloodstained falchion for 160 gold pieces
  8326 | D:5      | Identified the +8 falchion of Fimbulwinter {spect, rN+
                  | Will+ Dex-4 SInv} (You bought it in a shop on level 5 of
                  | the Dungeon)
  8326 | D:5      | Bought a crude quarterstaff for 180 gold pieces
  8326 | D:5      | Identified the +10 quarterstaff of Qesuenut {holy, MP+9
                  | SInv} (You bought it in a shop on level 5 of the Dungeon)
  8375 | D:5      | Killed safid's ghost
  8536 | D:2      | Noticed Natasha
  8540 | D:2      | Killed Natasha
  8634 | D:10     | Entered Level 10 of the Dungeon
  8659 | D:10     | Noticed a sun demon
  8686 | D:10     | Noticed a sixfirhy
  8713 | D:10     | Reached ****** piety under Okawaru
  8714 | D:10     | Reached skill level 1 in Evocations
  8729 | D:9      | Reached skill level 1 in Staves
  8783 | D:10     | Received a gift from Okawaru
  8890 | D:10     | Found a sacrificial altar of Ru.
  8894 | D:10     | Noticed a two-headed ogre
  8902 | D:10     | Killed a two-headed ogre
  8971 | D:10     | Found a glowing golden altar of the Shining One.
  8976 | D:10     | Found a broken altar of Ashenzari.
  8977 | D:10     | Found an ancient bone altar of Kikubaaqudgha.
  9388 | D:11     | Noticed an eight-headed hydra
  9396 | D:11     | Killed an eight-headed hydra
  9396 | D:11     | Received a gift from Okawaru
  9518 | D:11     | Noticed a boulder beetle
  9540 | D:11     | Killed a boulder beetle
  9626 | D:11     | Found a staircase to the Orcish Mines.
  9694 | D:11     | Reached XP level 12. HP: 103/103 MP: 15/15
  9948 | D:12     | Found a broken altar of Ashenzari.
  9980 | D:12     | Noticed a four-headed hydra
  9989 | D:12     | Killed a four-headed hydra
 10112 | D:12     | Identified the +2 chain mail of Buf Fuuc {SInv Stlth+}
                  | (Okawaru gifted it to you on level 12 of the Dungeon)
 10112 | D:12     | Received a gift from Okawaru
 10336 | D:12     | Reached skill level 10 in Dodging
 10903 | D:13     | Noticed a two-headed ogre
 10909 | D:13     | Killed a two-headed ogre
 10979 | D:13     | Identified the +11 plate armour "Foepenn" {rC+ Regen+}
 11039 | D:13     | Identified the +4 falchion of Zin's Generosity {venom, rC+
                  | rCorr}
 11347 | D:13     | Received a gift from Okawaru
 11529 | D:5      | Bought a +4 ring of evasion for 396 gold pieces
 11532 | D:5      | Upgraded the game from 0.29.1-1-gd02db6906a to
                  | 0.29.1-2-gbd0b4ee654
 11758 | D:13     | Found a gate to the Vaults.
 11758 | D:13     | Noticed a vault guard
 11758 | D:13     | Noticed a vault guard
 11758 | D:13     | Noticed a vault guard
 11776 | D:13     | Killed a vault guard
 11776 | D:13     | Identified the +9 great mace of Ruination {freeze, rC+
                  | Str-4 Dex+2} (Okawaru gifted it to you on level 13 of the
                  | Dungeon)
 11776 | D:13     | Received a gift from Okawaru
 11777 | D:13     | Reached skill level 5 in Stealth
 11777 | D:13     | Reached XP level 13. HP: 82/113 MP: 15/17
 11797 | D:13     | Reached skill level 10 in Fighting
 11962 | D:13     | Found a runed translucent gate.
 11963 | D:13     | Found a runed translucent gate.
 11964 | D:13     | Found a runed translucent gate.
 11964 | D:13     | Noticed a merfolk impaler
 11965 | D:13     | Noticed Buchaag's ghost (novice MiMo)
 11968 | D:13     | Found an iron altar of Okawaru.
 12236 | D:13     | Reached skill level 5 in Evocations
 12319 | D:14     | Reached skill level 15 in Maces & Flails
 12925 | D:15     | Entered Level 15 of the Dungeon
 12942 | D:15     | Identified the +1 hat "Xizuqueff" {Int+5} (Okawaru gifted
                  | it to you on level 15 of the Dungeon)
 12942 | D:15     | Received a gift from Okawaru
 13096 | D:15     | Found a portal to a secret trove of treasure.
 13155 | D:15     | Noticed Agnes
 13162 | D:15     | Killed Agnes
 13363 | D:15     | Found a glowing golden altar of the Shining One.
 13521 | D:15     | Got Koxzyfoh's Quarto of the Mausoleum and Earth
 13673 | D:15     | Found a staircase to the Depths.
 13673 | D:15     | Noticed a stone giant
 13691 | D:15     | Killed a stone giant
 13786 | D:15     | Reached skill level 1 in Throwing
 14071 | Lair:1   | Entered Level 1 of the Lair of Beasts
 14938 | Lair:2   | Received a gift from Okawaru
 15024 | Lair:2   | Identified the +0 chain mail of Keythig {+Blink rPois
                  | Slay+6 SInv} (Okawaru gifted it to you on level 2 of the
                  | Lair of Beasts)
 15024 | Lair:2   | Received a gift from Okawaru
 15073 | Lair:2   | Noticed quakins's ghost (journeyman TrTm)
 15097 | Lair:2   | Found a runed translucent gate.
 15097 | Lair:2   | Found a runed translucent gate.
 15099 | Lair:2   | Found a runed translucent gate.
 15115 | Lair:2   | Reached XP level 14. HP: 122/122 MP: 19/19
 15177 | Lair:2   | Found a staircase to the Shoals.
 15422 | Lair:2   | Found a staircase to the Snake Pit.
 15681 | Lair:2   | Killed quakins's ghost
 15912 | Lair:3   | You fall into a shaft and drop 2 floors!
 15912 | Lair:5   | Entered Level 5 of the Lair of Beasts
 16062 | Lair:5   | Received a gift from Okawaru
 16065 | Lair:5   | Reached skill level 10 in Armour
 16323 | Lair:5   | Received a gift from Okawaru
 16350 | Lair:5   | Identified the ring of Difolaam {Fly rElec rF++ Dex+7}
 17274 | Lair:4   | Received a gift from Okawaru
 17395 | Lair:4   | Found a viscous altar of Jiyva.
 17396 | Lair:4   | Found a staircase to the Slime Pits.
 17402 | Lair:4   | Reached XP level 15. HP: 123/128 MP: 20/20
 18243 | Lair:3   | Noticed Fannar
 18247 | Lair:3   | Noticed Nessos
 18252 | Lair:3   | Killed Fannar
 18255 | Lair:3   | Killed Nessos
 18501 | Lair:3   | Received a gift from Okawaru
 18505 | Lair:3   | Reached skill level 15 in Armour
 19056 | D:13     | Killed Buchaag's ghost
 19099 | D:13     | Identified the +0 leather armour of Midnight {rElec rPois
                  | Will++ Str-3}
 19479 | Orc:1    | Entered Level 1 of the Orcish Mines
 19568 | Orc:1    | Found Ylacior's Antique Weapon Boutique.
 19625 | Orc:1    | Found a transporter.
 19628 | Orc:1    | Noticed mortz's ghost (adept HOFi)
 19647 | Orc:1    | Noticed Erolcha
 19654 | Orc:1    | Killed Erolcha
 19676 | Orc:1    | You are sucked into a shaft and drop 1 floor!
 19676 | Orc:2    | Entered Level 2 of the Orcish Mines
 19726 | Orc:2    | Received a gift from Okawaru
 19812 | Orc:2    | Found Wuleudd's Weapon Shop.
 19921 | Orc:2    | Found Wipidduz's Jewellery Shop.
 19921 | Orc:2    | Found Elorph's Antique Armour Emporium.
 20078 | Orc:2    | Found Qizutyc's Antique Armour Boutique.
 20086 | Orc:2    | Found a staircase to the Elven Halls.
 20097 | Orc:2    | Noticed an orc warlord
 20122 | Orc:2    | Killed an orc warlord
 20460 | Orc:2    | Found Ynionief's General Store.
 20462 | Orc:2    | Received a gift from Okawaru
 20480 | Orc:2    | Bought a potion of resistance for 140 gold pieces
 20480 | Orc:2    | Bought a potion of curing for 42 gold pieces
 20673 | Orc:1    | Found a burning altar of Makhleb.
 20734 | Orc:1    | Found a transporter.
 21246 | Orc:1    | Killed mortz's ghost
 21252 | Orc:1    | Identified the +1 cloak of Weightlessness {Dex+2}
 21262 | Orc:1    | Acquired a manual of Maces & Flails
 21362 | Orc:1    | Reached XP level 16. HP: 141/141 MP: 21/21
 21976 | Elf:1    | Entered Level 1 of the Elven Halls
 22189 | Elf:1    | Received a gift from Okawaru
 22227 | Elf:1    | Reached XP level 17. HP: 131/148 MP: 20/22
 22566 | Elf:1    | You are sucked into a shaft and drop 1 floor!
 22566 | Elf:2    | Noticed a deep elf blademaster
 22566 | Elf:2    | Found a runed translucent gate.
 22566 | Elf:2    | Found a runed translucent gate.
 22566 | Elf:2    | Found a runed translucent gate.
 22572 | Elf:2    | Killed a deep elf blademaster
 22969 | Elf:2    | Received a gift from Okawaru
 23204 | Elf:2    | Noticed a deep elf blademaster
 23217 | Elf:2    | Identified the +3 short sword of Egynut {flame, Contam Fly
                  | Will- Str+9}
 23298 | Elf:2    | Noticed a deep elf blademaster
 23312 | Elf:2    | Killed a deep elf blademaster
 23317 | Elf:2    | Killed a deep elf blademaster
 23777 | Elf:1    | Identified the +8 sling of Jequar {flame, *Corrode rF+ rN++
                  | Stlth+}
 23970 | Elf:3    | Entered Level 3 of the Elven Halls
 24081 | Elf:3    | Identified the +0 scale mail "Ityh" {Rampage rN+ Int-5}
                  | (Okawaru gifted it to you on level 3 of the Elven Halls)
 24081 | Elf:3    | Received a gift from Okawaru
 24241 | Elf:3    | Reached skill level 7 in Shields
 24428 | Elf:3    | Noticed a deep elf master archer
 24436 | Elf:3    | Noticed a deep elf blademaster
 24437 | Elf:3    | Noticed a deep elf master archer
 24439 | Elf:3    | Noticed a deep elf blademaster
 24446 | Elf:3    | Killed a deep elf master archer
 24448 | Elf:3    | Noticed a deep elf master archer
 24449 | Elf:3    | Killed a deep elf blademaster
 24456 | Elf:3    | Killed a deep elf master archer
 24465 | Elf:3    | Reached skill level 8 in Shields
 24564 | Elf:3    | Killed a deep elf blademaster
 24568 | Elf:3    | Noticed an Ice Fiend
 24569 | Elf:3    | Noticed a Brimstone Fiend
 24804 | Elf:2    | Killed a deep elf master archer
 24804 | Elf:2    | Received a gift from Okawaru
 24931 | Elf:3    | Reached XP level 18. HP: 147/157 MP: 23/23
 25098 | Elf:3    | Reached skill level 9 in Shields
 25402 | Elf:3    | Found the +8 orange crystal plate armour {Archmagi, Int+3
                  | Clar}
 25403 | Elf:3    | Found the +10 Black Knight's barding {ponderous, rPois rN+}
 25433 | Elf:3    | Identified the ring of Agguschue {rN+ Str+6 Dex+3}
 25451 | Elf:3    | Identified the ring "Erasaqa" {rC+ Str-2 Int+3 Dex+3}
 25462 | Elf:3    | Identified the ring "Zaprex" {Fly rElec rPois rN+ SInv}
 25509 | Elf:3    | Found the +4 robe of Folly {Brilliance Will-∞ Int+8}
 25523 | Elf:3    | Identified the +1 pair of boots of the Valley {rPois rF+
                  | rCorr Dex+4} (Okawaru gifted it to you on level 3 of the
                  | Elven Halls)
 25523 | Elf:3    | Received a gift from Okawaru
 25524 | Elf:3    | Identified the +7 long sword of Bedasiraza {freeze, *Noise
                  | rF+ Int+2 Dex+2}
 25535 | Elf:3    | Identified the +0 pair of gloves of Squeaky Freedom {-Tele
                  | Harm +Inv Dex+7}
 25564 | Elf:3    | Identified the ring of Betu Zug {+Blink Fly rElec Int+3}
 25592 | Elf:3    | Identified the +5 dagger "Namump" {venom, Fragile rF++
                  | rN+++}
 25771 | Orc:2    | Bought the +10 tower shield of Ignorance {rN+ Int-4} for
                  | 2005 gold pieces
 25771 | Orc:2    | Found the +10 tower shield of Ignorance {rN+ Int-4}
 25978 | Snake:1  | Entered Level 1 of the Snake Pit
 25980 | Snake:1  | Found Zybbiethrugg's Armour Shop.
 25992 | Snake:1  | Found Afunaj's Armour Shop.
 25992 | Snake:1  | Found Zodiham's Jewellery Boutique.
 25996 | Snake:1  | Reached skill level 10 in Shields
 26063 | Snake:1  | Found Ninnunk's Armour Boutique.
 26305 | Snake:1  | Reached skill level 11 in Shields
 26393 | Snake:1  | Identified the +11 flail of Defence {vamp, rF+ rC- rCorr}
 26430 | Snake:1  | Reached skill level 12 in Shields
 27141 | Snake:2  | Reached skill level 13 in Shields
 27537 | Snake:2  | Found Cixtoczi's Jewellery Shoppe.
 27691 | Snake:3  | Received a gift from Okawaru
 27711 | Snake:3  | Reached skill level 14 in Shields
 27740 | Snake:3  | Received a gift from Okawaru
 27944 | Snake:3  | Reached skill level 15 in Shields
 28037 | Snake:3  | Found Ryrret's Vocational Training.
 28172 | Snake:3  | Received a gift from Okawaru
 28538 | Snake:1  | Bought the +1 cloak of Starlight {*Dazzle EV+4 Stlth--} for
                  | 549 gold pieces
 28538 | Snake:1  | Found the +1 cloak of Starlight {*Dazzle EV+4 Stlth--}
 28995 | Snake:4  | Entered Level 4 of the Snake Pit
 28995 | Snake:4  | Found Kituufeg's General Store.
 29219 | Snake:4  | Reached skill level 16 in Shields
 29280 | Snake:4  | Reached XP level 19. HP: 165/165 MP: 25/25
 29780 | Snake:4  | Reached skill level 17 in Shields
 30034 | Snake:4  | Got a serpentine rune of Zot
 30051 | Snake:4  | Received a gift from Okawaru
 30268 | Shoals:1 | Entered Level 1 of the Shoals
 30278 | Shoals:1 | Found a transporter.
 30290 | Shoals:1 | Found a transporter.
 30499 | Shoals:1 | Reached skill level 18 in Shields
 30548 | Shoals:1 | Noticed croobank's ghost (journeyman FeSu)
 30905 | Shoals:1 | Identified Roxanne's Folio of Permutations
 30905 | Shoals:1 | Noticed Roxanne
 30914 | Shoals:1 | Found Qaistrit's Antique Armour Shoppe.
 30924 | Shoals:1 | Killed Roxanne
 31352 | Shoals:1 | Killed croobank's ghost
 31507 | Shoals:2 | Found a transporter.
 31542 | Shoals:2 | Found a transporter.
 31620 | Shoals:2 | Received a gift from Okawaru
 31653 | Shoals:2 | Reached skill level 19 in Shields
 31995 | Shoals:2 | Found Neisawa's Distillery.
 32380 | Shoals:3 | Found a frozen archway.
 32406 | Shoals:3 | Received a gift from Okawaru
 32406 | Shoals:3 | Found the -2 hat of the Alchemist {rElec rPois rF+ rC+ rN+
                  | Will+ rMut rCorr}
 32431 | IceCv    | Entered an ice cave
 32771 | IceCv    | Reached skill level 20 in Shields
 33305 | IceCv    | Identified the +1 scale mail of Hide-and-Seek {Rampage
                  | +Blink rElec}
 33578 | Shoals:3 | Found Bazecan's Antique Armour Shoppe.
 33900 | Shoals:3 | Reached skill level 21 in Shields
 33912 | Shoals:3 | Found Mogeceock's Gadget Gallery.
 33978 | Shoals:3 | Bought a wand of light (1) for 63 gold pieces
 34206 | Shoals:3 | Reached XP level 20. HP: 171/172 MP: 26/26
 34412 | Shoals:4 | Entered Level 4 of the Shoals
 34413 | Shoals:4 | Noticed Louise
 34474 | Shoals:4 | Killed Louise
 34578 | Shoals:4 | Acquired 560 gold pieces
 34599 | Shoals:4 | Reached skill level 22 in Shields
 34822 | Shoals:4 | Identified the +6 long sword of Tookogg {vorpal, Will+ MP+9
                  | Str+2 Dex-2}
 34833 | Shoals:4 | Received a gift from Okawaru
 34838 | Shoals:4 | Reached skill level 23 in Shields
 34898 | Shoals:4 | Got a barnacled rune of Zot
 35306 | Shoals:4 | Reached skill level 24 in Shields
 35356 | Shoals:4 | Identified the +7 morningstar "Qehunuap" {flame, Fly rF++}
                  | (Okawaru gifted it to you on level 4 of the Shoals)
 35356 | Shoals:4 | Received a gift from Okawaru
 36199 | Slime:1  | Entered Level 1 of the Pits of Slime
 36213 | Lair:4   | Reached skill level 25 in Shields
 36530 | Depths:1 | Entered Level 1 of the Depths
 36692 | Depths:1 | You are sucked into a shaft and drop 1 floor!
 36847 | Depths:1 | Found a one-way gate to the infinite horrors of the Abyss.
 36957 | Depths:1 | Found a gateway to Hell.
 36978 | Depths:1 | Received a gift from Okawaru
 37087 | Depths:1 | Found the +3 salamander hide armour {Flames rF++ rC--}
 37218 | Depths:1 | Reached skill level 26 in Shields
 37303 | Depths:1 | Found a one-way gateway to a ziggurat.
 37656 | Depths:2 | Found a one-way gate leading to the halls of Pandemonium.
 37916 | Depths:2 | Noticed a doom hound
 37923 | Depths:2 | Noticed Grunn
 37924 | Depths:2 | Killed a doom hound
 37925 | Depths:2 | Noticed a doom hound
 37933 | Depths:2 | Killed a doom hound
 37933 | Depths:2 | Identified the +5 ring mail of Life {Rampage rF++ Dex-4
                  | SInv} (Okawaru gifted it to you on level 2 of the Depths)
 37933 | Depths:2 | Received a gift from Okawaru
 37936 | Depths:2 | Killed Grunn
 37937 | Depths:2 | Reached XP level 21. HP: 103/179 MP: 27/27
 38166 | Depths:2 | Found Jeewkose's Magic Scroll Shop.
 38168 | Depths:2 | Found Siubics's Book Boutique.
 38172 | Depths:2 | Found Xubizo Luom's Magic Scroll Shop.
 38705 | Depths:2 | Reached skill level 27 in Shields
 38741 | Depths:2 | Noticed a golden dragon
 38749 | Depths:2 | Killed a golden dragon
 39033 | Depths:2 | Identified the +2 spear of the Quick God {flame, *Rage rF+
                  | rC+++ Int+3}
 39052 | Depths:2 | Got Paxiesk's Discursus on the Lungs
 39079 | Depths:2 | Identified the ring "Nojubb" {rPois rF- Dex+7 SInv Stlth+}
 39086 | Depths:2 | Identified the ring of Osor {rElec rPois rC+}
 39248 | Depths:3 | Killed from afar by an ice dragon

Illustrated notes

Levels and vault maps discovered:
D:1:      minmay_arrival_stair_chambers, layout_basic
D:2:      layout_basic, serial_shops, nicolae_shop_overgrown_old_shop,
          hellmonk_ecumenical_altar_blasted, mrwooster_statue_mirror,
          uniq_natasha, uniq_jessica
D:3:      layout_loops_corners, gammafunk_temple_overflow_forgotten,
          minmay_ogre_servants
D:4:      layout_basic, minmay_temple_entry_purple_smoke, minmay_statues_item,
          uniq_eustachio
D:5:      layout_loops_ring, biasface_ghost_orc_armoury, serial_shops, shop,
          nicolae_shop_competitors_out_of_business, shop, nicolae_shop_crystal
D:6:      layout_basic, uniq_maggie
D:7:      layout_rooms, chequers_temple_overflow_statue_of_worship,
          kennysheep_pointless_box
D:8:      statuecave_lemuel, layout_basic, kennysheep_slug_shrine,
          nemelex_xobeh_ov_fountains_minmay, dpeg_oklobed_lair
D:9:      minmay_the_grid_octo_tiled_squarecenter
          [minmay_the_grid_octo_fan_narrow, minmay_the_grid_octo_shrine,
          minmay_the_grid_octo_concentric, minmay_the_grid_octo_focus,
          minmay_the_grid_square_5x5_megaprize_hollow,
          minmay_the_grid_square_5x5_comb, minmay_the_grid_square_5x5_inner_v,
          minmay_the_grid_square_5x5_hollow_slash,
          minmay_the_grid_square_5x5_z], layout_long_grid,
          regret_index_temple_of_mockery
D:10:     layout_rooms, grunt_temple_overflow_open,
          nicolae_ru_sacrificial_ziggurat
D:11:     layout_cave_pools, david_orc_4
D:12:     layout_irregular_city, chequers_serial_rivers_micro_d,
          ashenzari_conservatory_becter
D:13:     layout_cross, grunt_vaults_entry_tiered,
          gammafunk_ghost_fury_of_okawaru
D:14:     layout_loops_cross, hangedman_abyss_or_decor_passed
D:15:     grunt_enter_depths_giant_problem, layout_loops_corners, tso_altar,
          nicolae_trove_entry_crystal, minivault_4, uniq_agnes
Temple:   hellmonk_temple_of_storms
Lair:1:   layout_regular_city
Lair:2:   layout_regular_city, minmay_shoals_entry_centaurs,
          minmay_snake_entry_guardpost_small, gammafunk_ghost_split,
          chequers_serial_rivers_small_a, nicolae_lair_run_with_the_wolves,
          serial_bayou_shore_b
Lair:3:   nzn_winding_woodlands_three_and_one
          [nzn_winding_woodlands_5x15_concentric,
          nzn_winding_woodlands_5x15_lazy_stream,
          nzn_winding_woodlands_5x15_pathside_ponds,
          nzn_winding_woodlands_center_lodge], layout_gridlike, uniq_nessos,
          uniq_fannar
Lair:4:   layout_regular_city, slime_entry_1, serial_forest,
          infiniplex_forest_split, infiniplex_forest_straight_3,
          infiniplex_forest_clump_cross, infiniplex_forest_lined_room_2,
          infiniplex_forest_clump_tiny, infiniplex_staircase_pool
Lair:5:   minmay_lair_end_frog_pond, layout_cave_pods
Shoals:1: layout_shoals, serial_shops, nicolae_shop_stone,
          gammafunk_ghost_arena, nicolae_shoals_goliath_grotto, uniq_roxanne
Shoals:2: gammafunk_sealed_arena, layout_shoals, serial_shops, shop_statue
Shoals:3: layout_shoals, portal_ice_cave_entry_ice_statue_two, serial_shops,
          nicolae_shop_overgrown_old_shop, nicolae_shop_gadgets
Shoals:4: shoals_end_hangedman, layout_shoals, nicolae_shoals_enchanted_isle,
          uniq_louise
Snake:1:  layout_misc_corridors, nicolae_snake_dead_anacondas,
          serial_bayou_shore_b, grunt_megastairs_4, minmay_shoptagon
Snake:2:  layout_honeycomb, serial_shops, nicolae_stop_n_shop_2,
          nicolae_snake_squiggles
Snake:3:  layout_layer_cave, drop_trap, grunt_ministairs_2,
          nicolae_shop_vocational
Snake:4:  snake_pit, layout_cave_town, serial_shops,
          nicolae_shop_advertising_works [nicolae_subvault_shop_adworks]
Slime:1:  layout_caves, nicolae_slime_barrier
Orc:1:    layout_diamond_mine, basic_altar, gammafunk_ghost_berserking_beasts,
          serial_shops, shop, uniq_erolcha
Orc:2:    st_orc_town, layout_caves, basic_altar, serial_shops,
          nicolae_diamond_shop
Elf:1:    layout_gridlike, kennysheep_underground_church
Elf:2:    nicolae_elf_blades_crystal_corner, layout_geoelf_octagon,
          guppyfry_elf_castle
Elf:3:    minmay_elf_hall, layout_geoelf_grid
Depths:1: layout_gridlike, enter_ziggurat_b, serial_sigils,
          serial_sigils_hangedman_gut, serial_sigils_hangedman_gut,
          serial_sigils_hangedman_clutch, serial_sigils_hangedman_shear,
          serial_sigils_hangedman_stare, hell_entry,
          hangedman_abyss_or_decor_clamps, abyss_entry_crystal,
          hellmonk_guarded_unrand_salamander
Depths:2: gold_lair_mu, layout_twisted_cross, pan_entry, hell_entry,
          minmay_shop_star, serial_bayou_shore_a, minmay_staircase_bubble,
          firewood_loft, uniq_grunn
Depths:3: minmay_crescents, layout_gridville, rand_demon_pan_entry_8,
          abyss_entry, mu_enter_wizlab_7, hell_entry,
          chequers_serial_rivers_micro_b, small_statue_intersection

Skill      XL: |  1  2  3  4  5  6  7  8  9 10 11 12 13 14 15 16 17 18 19 20 21 |
---------------+----------------------------------------------------------------+-----
Fighting       | 4 5 6 7 8 9 10 12 13 | 13.5
Armour         | 4 5 6 14 18 | 18.3
Axes           | 3 |  3.0
Shields        | 4 5 6 8 16 21 26 27 | 27.0
Maces & Flails | 1 3 5 7 9 12 13 14 15 17 22 23 24 | 24.2
Dodging        | 1 2 4 6 8 11 13 14 | 14.9
Invocations    | 2 3 5 6 7 8 9 |  9.3
Stealth        | 1 3 5 6 7 |  7.5
Evocations     | 3 4 6 |  6.1
Staves         | 3 |  3.2
Throwing       | 1 |  1.7

Action                   |  1- 3 |  4- 6 |  7- 9 | 10-12 | 13-15 | 16-18 | 19-21 || total
-------------------------+-------+-------+-------+-------+-------+-------+-------++-------
Melee: War axe           |    54 |    14 |       |       |       |       |       ||    68
       Headbutt          |     8 |    11 |    35 |   114 |   281 |   228 |   414 ||  1091
       Mace              |       |   100 |   194 |   510 |   986 |   482 |       ||  2272
       Quarterstaff      |       |       |       |    12 |    44 |       |       ||    56
       Punch             |       |       |       |       |       |     3 |       ||     3
       Flail             |       |       |       |       |       |   270 |  1018 ||  1288
       Eveningstar       |       |       |       |       |       |    14 |   160 ||   174
       Morningstar       |       |       |       |       |       |       |    16 ||    16
Throw: Boomerang         |       |     1 |       |       |    17 |       |    26 ||    44
       Javelin           |       |       |       |       |     2 |       |       ||     2
       Dart              |       |       |       |       |       |       |     1 ||     1
Invok: Heroism           |       |       |       |     4 |     5 |     9 |    10 ||    28
       Finesse           |       |       |       |       |     1 |     3 |     1 ||     5
Evoke: Wand              |       |       |       |     1 |     2 |     6 |     9 ||    18
       Condenser vane    |       |       |       |       |     1 |     2 |       ||     3
       Tin of tremorston |       |       |       |       |       |       |     2 ||     2
  Use: Potion            |       |     2 |     8 |     5 |     1 |     3 |     6 ||    25
       Scroll            |       |       |    15 |    11 |     4 |     9 |     5 ||    44
 Stab: Sleeping          |       |       |     5 |    11 |    10 |       |       ||    26
       Distracted        |       |       |       |     2 |     1 |       |       ||     3
       Invisible         |       |       |       |       |       |     3 |    14 ||    17
       Confused          |       |       |       |       |       |     2 |     3 ||     5
Armor: Scale mail        |    17 |    52 |    25 |       |       |       |       ||    94
       Steam dragon scal |       |       |    33 |   146 |    45 |       |       ||   224
       Chain mail        |       |       |       |       |   108 |   136 |   128 ||   372
Dodge: Dodged            |    18 |    65 |    85 |   416 |   907 |   431 |   540 ||  2462
Block: Buckler           |    12 |    43 |    56 |   257 |   472 |   119 |       ||   959
       Tower shield      |       |       |       |       |       |   670 |  1894 ||  2564
